 Dungeon Crawl Stone Soup version 0.29.0-5-ge4962eb29e (webtiles) character file.

Game seed: 13432449283105504862

657 Flugkiller the Chopper (level 7, 0/61 HPs)
             Began as a Minotaur Fighter on Aug 29, 2022.
             Slain by a gnoll
             ... wielding a +0 flail
              (9 damage)
             ... on level 5 of the Dungeon.
             The game lasted 00:02:15 (4438 turns).

Flugkiller the Chopper (Minotaur Fighter)           Turns: 4438, Time: 00:02:16

Health: 0/61       AC: 13    Str: 21    XL:     7   Next: 29%
Magic:  6/6        EV:  6    Int:  5    God:
Gold:   354        SH:  4    Dex: 11    Spells: 6/6 levels left

rFire   . . .      SeeInvis .   a - +0 war axe
rCold   . . .      Faith    .   c - +0 buckler
rNeg    . . .      Spirit   .   l - +0 plate armour
rPois   .          Reflect  .   (helmet restricted)
rElec   .          Harm     .   m - +0 cloak
rCorr   .          Rampage  .   (no gloves)
Will    .....                   (no boots)
Stlth   ..........              (no amulet)
HPRegen 0.20/turn               (no ring)
MPRegen 0.10/turn               (no ring)

@: studying Ice Magic
A: horns 2, retaliatory headbutt
a: no special abilities


You were on level 5 of the Dungeon.
You visited 1 branch of the dungeon, and saw 5 of its levels.

You collected 354 gold pieces.

Inventory:

Hand Weapons
 a - a +0 war axe (weapon)
 r - a +1 short sword of distortion
   (You took it off an orc on level 3 of the Dungeon)
Missiles
 i - 7 boomerangs (quivered)
Armour
 b - a +0 scale mail
 c - a +0 buckler (worn)
 l - a +0 plate armour (worn)
   (You found it on level 3 of the Dungeon)
 m - a +0 cloak (worn)
   (You found it on level 1 of the Dungeon)
Jewellery
 y - a +6 ring of dexterity
   (You found it on level 4 of the Dungeon)
Wands
 p - a wand of mindburst (9)
   (You found it on level 2 of the Dungeon)
 u - a wand of roots (6)
   (You took it off Ijyb on level 3 of the Dungeon)
Scrolls
 e - a scroll of fear {unknown}
 f - a scroll of poison {unknown}
 h - 2 scrolls of identify {unknown}
 n - a scroll of magic mapping {unknown}
 t - a scroll of teleportation
 w - a scroll of enchant weapon {unknown}
 x - 2 scrolls of blinking {unknown}
 A - a scroll of silence {unknown}
 B - a scroll of vulnerability {unknown}
Potions
 d - 2 potions of might
 g - a potion of heal wounds {unknown}
 j - 3 potions of ambrosia {unknown}
 k - 2 potions of attraction {unknown}
 o - a potion of degeneration {unknown}
 q - 4 potions of curing
 s - a potion of haste {unknown}
 v - a potion of mutation {unknown}
 z - a potion of brilliance {unknown}
 C - a potion of berserk rage {unknown}


   Skills:
 + Level 5.6 Fighting
 * Level 6.6 Axes
 + Level 3.0 Throwing
 + Level 5.6 Armour
 - Level 3.6 Shields


You had 6 spell levels left.
You didn't know any spells.
Your spell library was empty.

Dungeon Overview and Level Annotations

Branches:
Dungeon (5/15)
 Temple: D:4-7

Altars:


Innate Abilities, Weirdness & Mutations

You have a pair of horns on your head.
You reflexively headbutt those who attack you in melee.


Message History

No target in view!
No target in view!
You see here a +0 dagger.
You see here a +0 chain mail.
There is a shaft here.
You see here a book of the Hunter.
Done exploring.
Done exploring.
Done exploring.
Done exploring.
No target in view!
(D) Dungeon
Where to? (Enter - D:4 @ (x,y), ? - help)
You see here a book of the Hunter.
There is a stone staircase leading down here.
You climb downwards.
There is a stone staircase leading up here.
Unknown command.
Found 8 stones.
Found a stone staircase leading up.
There is a stone staircase leading up here.
A hound comes into view.
The hound barks!
You hear an angry hiss.
You see here a scroll labelled FOABYJI DORGH.
You closely miss the hound. The hound bites you but does no damage.
You slash the hound! Your headbutt misses the hound.
The hound is almost dead.
The hound bites you but does no damage. x2
You slash the hound!
You kill the hound!
Your Throwing skill increases to level 3!
No target in view!
No target in view!
No target in view!
No target in view!
No target in view!
No target in view!
B - a scroll labelled FOABYJI DORGH
C - a fizzy silvery potion An adder comes into view.
The adder hisses angrily.
An adder is nearby!
An adder is nearby!
The adder bites you but does no damage. x2
You miss the adder. The adder bites you but does no damage.
You hit the adder.
The adder is lightly wounded.
The adder bites you but does no damage. x2
You closely miss the adder. You headbutt the adder!
You kill the adder!
No target in view!
No target in view!
No target in view! 2 gnolls come into view.
A gnoll is wielding a +3 vorpal spear.
The gnoll shouts! x2
There are monsters nearby!
There are monsters nearby!
A gnoll comes into view. It is wielding a +0 club.
You completely miss the gnoll.
The gnoll shouts!
You hear a shout!
The gnoll hits you from afar with a +3 vorpal spear!
The gnoll closely misses you.
You hit the gnoll but do no damage. The gnoll completely misses you.
The gnoll barely misses you. You furiously retaliate!
You headbutt the gnoll, but do no damage.
You slash the gnoll!
You headbutt the gnoll, but do no damage.
The gnoll is severely wounded.
You block the gnoll's attack. The gnoll hits you with a +0 flail.
The gnoll hits you from afar with a +3 vorpal spear.
A gnoll comes into view. It is wielding a +0 flail.
The gnoll shouts!
You hit the gnoll but do no damage. Your headbutt misses the gnoll.
The gnoll hits you but does no damage. The gnoll barely misses you.
You hit the gnoll.
The gnoll is severely wounded.
You slash the gnoll!
The gnoll hits you from afar with a +3 vorpal spear.
The gnoll closely misses you. The gnoll hits you with a +0 club.
You closely miss the gnoll.
The gnoll is severely wounded.
You slash the gnoll!
You kill the gnoll!
The gnoll barely misses you. The gnoll hits you with a +0 flail.
You closely miss the gnoll. Your headbutt misses the gnoll.
The gnoll is severely wounded.
You hit the gnoll but do no damage. The gnoll hits you but does no damage.
The gnoll hits you with a +0 flail. The gnoll hits you with a +0 flail!
You barely miss the gnoll.
The gnoll is severely wounded.
You barely miss the gnoll.
The gnoll hits you from afar with a +3 vorpal spear.
* * * LOW HITPOINT WARNING * * *
The gnoll hits you but does no damage. The gnoll hits you with a +0 flail!
* * * LOW HITPOINT WARNING * * *
You are too injured to fight recklessly!
The gnoll attacks as you move away! The gnoll hits you but does no damage.
The gnoll attacks as you move away! The gnoll hits you but does no damage.
The gnoll attacks as you move away! The gnoll hits you with a +0 flail!
You die...

#........# #.#.# #
#.###.###.###.#.###.##
#...# #............#
#.#.###............#
#.##...####.#.####.#
#.###### #.#.# #
#....# ##.#.#
####.#####....#
#..gg@..<.###
###.####.g#####.##
......)...#####.#
###.............####
#######.####...(.#.#
#.# #.###.#.# #.#
#.###.#.# #.#
#.##....#
##.####.##....##


You could see 3 gnolls.

Vanquished Creatures
  Grinder (D:4)
  An ogre (D:3)
  A phantom (D:4)
  A scorpion (D:4)
  A hound (D:5)
  2 orc priests (D:3)
  Ijyb (D:3)
  A gnoll (D:5)
  4 adders
  An ufetubus (D:4)
  2 worms (D:3)
  4 dart slugs
  10 orcs (D:3)
  4 ball pythons
  5 bats
  5 endoplasms
  4 giant cockroaches
  6 goblins
  6 hobgoblins
  3 quokkas
  8 frilled lizards
  3 kobolds
  7 rats
81 creatures vanquished.

Notes
Turn   | Place    | Note
-------+----------+-------------------------------------------
     0 | D:1      | Flugkiller the Minotaur Fighter began the quest for the
                  | Orb.
     0 | D:1      | Reached XP level 1. HP: 19/19 MP: 0/0
    81 | D:1      | Reached XP level 2. HP: 24/27 MP: 1/1
    86 | D:1      | Reached skill level 3 in Axes
   782 | D:1      | Found a faded altar of an unknown god.
   841 | D:2      | Reached XP level 3. HP: 33/33 MP: 2/2
  1548 | D:2      | Reached skill level 4 in Axes
  1548 | D:2      | Reached skill level 1 in Throwing
  1548 | D:2      | Reached XP level 4. HP: 40/40 MP: 3/3
  2235 | D:3      | Noticed Ijyb
  2239 | D:3      | Killed Ijyb
  2240 | D:3      | Reached XP level 5. HP: 41/47 MP: 4/4
  2418 | D:3      | Noticed an ogre
  2573 | D:3      | Killed an ogre
  2574 | D:3      | Reached skill level 5 in Axes
  2574 | D:3      | Reached XP level 6. HP: 41/55 MP: 5/5
  3965 | D:4      | Noticed Grinder
  3973 | D:4      | Reached skill level 5 in Fighting
  3973 | D:4      | Reached skill level 5 in Armour
  3979 | D:4      | Paralysed by Grinder for 5 turns
  3988 | D:4      | Killed Grinder
  3989 | D:4      | Reached skill level 6 in Axes
  3989 | D:4      | Reached XP level 7. HP: 49/61 MP: 6/6
  4310 | D:5      | Entered Level 5 of the Dungeon
  4438 | D:5      | Slain by a gnoll

Illustrated notes

Levels and vault maps discovered:
D:1:      lemuel_arrival_hallway, layout_basic,
          shapermc_ecumenical_altar_mp_ritualfount
D:2:      minmay_spotlight, layout_basic
D:3:      layout_basic, serial_co_window_serial, co_window_corner_a,
          co_window_of_opportunity_a, co_window_corner_a, co_window_paths_b,
          co_window_cross_1, co_window_broadway_c, co_window_broadway_a,
          co_window_cross_2, co_window_sun, co_window_4corner_a,
          glass_columns_a, glass_columns_b, glass_columns_a, skrybe_limestone_x,
          chequers_serial_rivers_micro_a, minivault_5, uniq_ijyb
D:4:      layout_loops_ring, uniq_grinder
D:5:      layout_loops_ring, nicolae_overflow_hallway_of_the_gods,
          kennysheep_generic_room_12

Skill      XL: |  1  2  3  4  5  6  7 |
---------------+----------------------+-----
Axes           | 3 4 5 6 |  6.6
Armour         | 4 5 |  5.6
Fighting       | 4 5 |  5.6
Throwing       | 1 2 3 |  3.0
Shields        | |  3.6

Action                   |  1- 3 |  4- 6 |  7- 9 || total
-------------------------+-------+-------+-------++-------
Melee: War axe           |    92 |    75 |    30 ||   197
       Headbutt          |     9 |    12 |     3 ||    24
Evoke: Wand              |       |     5 |       ||     5
  Use: Scroll            |       |     1 |       ||     1
       Potion            |       |     1 |       ||     1
Armor: Scale mail        |    48 |     3 |       ||    51
       Plate armour      |       |    36 |    29 ||    65
Dodge: Dodged            |    38 |    21 |     8 ||    67
Block: Buckler           |    16 |    24 |     1 ||    41
